Map: Pylon LE

Players

SubN - Winner!

  • Race: Zerg Zerg
  • League: Diamond
  • Spawn Location: 11:00

Deckery

  • Race: Zerg Zerg
  • League: Platinum
  • Spawn Location: 5:00

VOD

Have the link to the VOD?

Description

Time

  • Played on: July 30, 2025, 4:26 p.m.
  • Length: 3:14
Show
View Real Time Build Order
Export as new Build Order

SubN Zerg - Winner!

Build Orders: Pool First 

Get SALT Encoding   

  12  0:00  Drone  
  13  0:08  Drone  
  13  0:12  Extractor  
  13  0:28  Spawning Pool  
  12  0:56  Hatchery  
  11  1:16  Queen  
  13  1:25  Metabolic Boost  
  13  1:35  Overlord  
  13  1:42  Zergling x2  
  14  1:57  Zergling x4  
  16  2:06  Zergling x2  
  17  2:14  Zergling x4  
  19  2:24  Zergling x4  
  21  2:33  Zergling x6  
  21  2:34  Zergling x2  
  25  2:44  Zergling x4  
Show
View Real Time Build Order
Export as new Build Order

Deckery Zerg 

Build Orders: Pool First 

Get SALT Encoding   

  12  0:01  Drone  
  13  0:23  Spawning Pool  
  13  0:25  Drone  
  13  0:29  Drone  
  14  0:36  Extractor  
  14  0:38  Drone, Extractor  
  13  0:43  Drone  
  13  0:49  Overlord  
  16  1:12  Zergling x2  
  16  1:16  Zergling x2, Hatchery  
  17  1:19  Zergling x2  
  18  1:31  Queen  
  20  1:35  Drone  
  21  1:42  Overlord  
  21  1:53  Drone  
  22  1:59  Extractor  
  21  2:03  Drone  
  22  2:18  Drone  
  23  2:25  Drone  
  23  2:34  Roach Warren  
  21  2:58  Spine Crawler  
Tags
 
Matchup
ZvZ
Race
Zerg
Replay Pack
Multiplayer
Spawn Locations
Cross Positions
Add a new tag
Caveats
  • Supply blocks, unpowered buildings, or Contaminate may cause inaccurate times.
  • Supply counts are checked every 10 seconds.